 Dungeon Crawl Stone Soup version 0.21-a0-528-gf531e82 (webtiles) character file.

70 tnowlan the Slasher (level 4, -6/34 HPs)
             Began as a Human Gladiator on Dec 8, 2017.
             Mangled by a gnoll
             ... wielding a +0 flail
              (8 damage)
             ... on level 3 of the Dungeon.
             The game lasted 00:11:36 (1786 turns).

tnowlan the Slasher (Human Gladiator)               Turns: 1786, Time: 00:11:39

Health: -6/34      AC:  3    Str: 15    XL:     4   Next: 45%
Magic:  4/4        EV: 11    Int:  9    God:
Gold:   98         SH:  0    Dex: 14    Spells: 3/3 levels left

rFire    . . .     SeeInvis .   a - +1 long sword
rCold    . . .     Gourm    .   (no shield)
rNeg     . . .     Faith    .   h - +0 scale mail
rPois    .         Spirit   .   (helmet restricted)
rElec    .         Reflect  .   (no cloak)
rCorr    .         Harm     .   (no gloves)
MR       .....                  (no boots)
Stlth    ..........             (no amulet)
HPRegen  0.11/turn              (no ring)
MPRegen  0.09/turn              (no ring)

@: no status effects
A: antennae 1, deformed body, MP-powered wands
a: no special abilities


You were on level 3 of the Dungeon.
You were not hungry.

You visited 1 branch of the dungeon, and saw 3 of its levels.

You collected 98 gold pieces.

Inventory:

Hand Weapons
 a - a +1 long sword (weapon)
Missiles
 d - 3 throwing nets (quivered)
Armour
 b - a +0 leather armour
 c - a +0 helmet
 e - a +2 helmet
 g - a +0 leather armour
 h - a +0 scale mail (worn)
 l - a +0 scale mail
 m - a +0 ring mail
 q - a +0 helmet
Jewellery
 n - an uncursed ring of ice {unknown}
Scrolls
 p - a scroll of blinking
Potions
 k - 2 potions of lignification
 o - 2 potions of magic
Comestibles
 f - 3 bread rations
 i - a royal jelly
 j - a meat ration


   Skills:
 + Level 2.3 Fighting
 + Level 4.0 Long Blades
 + Level 2.0 Throwing
 + Level 0.9 Armour
 + Level 3.5 Dodging


You had 3 spell levels left.
You didn't know any spells.

Dungeon Overview and Level Annotations

Branches:
Dungeon (3/15)

Altars:
Ashenzari
Cheibriados
Gozag
Hepliaklqana
Qazlal


Innate Abilities, Weirdness & Mutations

You have a pair of small antennae on your head.
Armour fits poorly on your strangely shaped body.
You expend magic power (3 MP) to strengthen your wands.


Message History

The giant cockroach is severely wounded.
The gnoll closely misses you.
You completely miss the giant cockroach.
The giant cockroach is severely wounded.
The gnoll misses you.
The giant cockroach bites you but does no damage.
The gnoll hits you with a flail. The gnoll barely misses you.
You closely miss the giant cockroach.
The giant cockroach is severely wounded.
The giant cockroach bites you but does no damage.
The gnoll hits you from afar with a spear.
The gnoll hits you with a flail. The giant cockroach misses you.
You slash the giant cockroach!
You kill the giant cockroach!
The gnoll hits you with a whip.
* * * LOW HITPOINT WARNING * * *
The gnoll hits you from afar with a spear!
* * * LOW HITPOINT WARNING * * *
The gnoll hits you with a flail!
You die...

.... ... ..# #.
..# ... .#
####..#....
....#....[#....
.............._
#g#g# #@..#
#.g.# #+#.# {
... .##.. # ..
.


You could see 3 gnolls.

Vanquished Creatures
  A worker ant (D:2)
  A gnoll (D:3)
  An adder (D:2)
  A dart slug (D:1)
  3 giant cockroaches
  4 goblins
  A ball python (D:2)
  6 bats
  2 frilled lizards
  5 kobolds
  A rat (D:2)
26 creatures vanquished.

Notes
Turn   | Place    | Note
-------+----------+-------------------------------------------
     0 | D:1      | tnowlan the Human Gladiator began the quest for the Orb.
     0 | D:1      | Reached XP level 1. HP: 16/16 MP: 1/1
   102 | D:1      | Reached XP level 2. HP: 19/22 MP: 2/2
  1087 | D:2      | Reached XP level 3. HP: 24/27 MP: 3/3
  1128 | D:2      | Gained mutation: Armour fits poorly on your strangely shaped body. [potion of mutation]
  1128 | D:2      | Gained mutation: You expend magic power (3 MP) to strengthen your wands. [potion of mutation]
  1128 | D:2      | Gained mutation: You have a pair of small antennae on your head. [potion of mutation]
  1205 | D:2      | Found a faded altar of an unknown god.
  1205 | D:2      | Found a shattered altar of Ashenzari.
  1205 | D:2      | Found a snail-covered altar of Cheibriados.
  1205 | D:2      | Found a faded altar of an unknown god.
  1205 | D:2      | Found a stormy altar of Qazlal.
  1289 | D:2      | Reached XP level 4. HP: 25/33 MP: 4/4
  1482 | D:2      | Found a hazy altar of Hepliaklqana.
  1543 | D:2      | Reached skill level 4 in Long Blades
  1770 | D:3      | Found an opulent altar of Gozag.
  1786 | D:3      | Mangled by a gnoll

Vault maps used:
D:1:      sevenhm_arrival_forest_fort_small_6, kennysheep_flooded_box
D:2:      lemuel_crystal_altar, tso_altar, chequers_temple_overflow_minitemple
D:3:      old_standard_altar, old_standard_altar

Skill      XL: |  1  2  3  4 |
---------------+-------------+-----
Long Blades    | 4 |  4.0
Fighting       | |  2.3
Throwing       | |  2.0
Armour         | |  0.9
Dodging        | |  3.5

Action                   |  1- 3 |  4- 6 || total
-------------------------+-------+-------++-------
Melee: Long sword        |    45 |    23 ||    68
  Use: Potion            |     8 |       ||     8
       Scroll            |     3 |       ||     3
  Eat: Bread ration      |     1 |       ||     1
       Royal jelly       |     1 |       ||     1
Armor: Leather armour    |    10 |       ||    10
       Scale mail        |    32 |     5 ||    37
Dodge: Dodged            |    49 |    22 ||    71
       Rpst.: Long sword |    13 |     6 ||    19

Table legend:
 A = Spawn XP
 B = Non-spawn XP
 C = Spawn XP percentage of total XP
 D = Spawn monster count
 E = Non-spawn monster count
 F = Spawn count percentage of total count
 G = Total turns spent on level
                    A         B        C        D         E        F      G
               +---------+---------+-------+---------+---------+-------+---------
         Total |       0 |     101 |   0.0 |       0 |      26 |   0.0 |  1786
               +---------+---------+-------+---------+---------+-------+---------
           D:1 |       0 |      20 |   0.0 |       0 |      12 |   0.0 |  1038
           D:2 |       0 |      65 |   0.0 |       0 |      12 |   0.0 |   732
           D:3 |       0 |      16 |   0.0 |       0 |       2 |   0.0 |    16
               +---------+---------+-------+---------+---------+-------+---------
